 Dungeon Crawl Stone Soup version 0.31-a0-152-g6aa68a64a1 (webtiles) character file.

Game seed: 11006913024601099834

79 qw the Shooter (level 4, 0/39 HPs)
             Began as a Naga Hunter on June 9, 2023.
             Slain by a jackal (1 damage)
             ... on level 2 of the Dungeon.
             The game lasted 00:00:24 (1090 turns).

qw the Shooter (Naga Hunter)                        Turns: 1090, Time: 00:00:25

Health: 0/39       AC:  3    Str: 14    XL:     4   Next: 37%
Magic:  4/4        EV:  9    Int:  9    God:
Gold:   49         SH:  0    Dex: 16    Spells: 3/3 levels left

rFire   . . .        Y - +0 shortbow
rCold   . . .        (shield currently unavailable)
rNeg    . . .        c - +0 leather armour
rPois   +            (no helmet)
rElec   .            (no cloak)
rCorr   .            d - +0 pair of gloves
SInv    +            (no barding)
Will    .....        (no amulet)
Stlth   ++           (no ring)
HPRegen 0.26/turn    (no ring)
MPRegen 0.09/turn

%: no passive effects
@: very slow
A: AC +1, large, see invisible, deformed body, poison resistance, slowness 2,
spit poison 1, naga tail 1
a: Spit Poison


You were on level 2 of the Dungeon.
You visited 1 branch of the dungeon, and saw 2 of its levels.

You collected 49 gold pieces.


Innate Abilities, Weirdness & Mutations

Your serpentine skin is tough. (AC +1)
You have supernaturally acute eyesight. (SInv)
Armour fits poorly on your strangely shaped body.
Your system is resistant to poisons. (rPois)
You cover ground very slowly.
You can spit poison.
You have a snake-like lower body.


   Skills:
 + Level 2.2 Fighting
 - Level 5.1 Ranged Weapons
 - Level 1.5 Dodging
 - Level 1.5 Stealth


You had 3 spell levels left.
You didn't know any spells.
Your spell library was empty.

Inventory:

Hand Weapons
 Y - a +0 shortbow (weapon)
Armour
 c - a +0 leather armour (worn)
 d - a +0 pair of gloves (worn)
Scrolls
 a - a scroll of enchant armour {unknown}
Potions
 e - a potion of lignification {unknown}
 g - a potion of curing {unknown}

Dungeon Overview and Level Annotations

Branches:
Dungeon (2/15)

Altars:


Message History

Aiming: Spit Poison (2% risk of failure)
Press: ? - help, Shift-Dir - straight line, f/p - Terence The splash of poison hits Terence but does no damage.
Terence is almost dead.
The adder closely misses you. Terence barely misses you.
You shoot an arrow. The arrow hits Terence!
You kill Terence!
The adder bites you. x2; The jackal bites you.
Your Ranged Weapons skill increases to level 5!
You have reached level 4!
You feel stronger.
You shoot an arrow. The arrow hits the adder!
The adder is almost dead.
The jackal bites you. The adder barely misses you.
You shoot an arrow. The arrow misses the adder.
The jackal barely misses you. The adder bites you.
You are poisoned.
The adder poisons you!
The jackal bites you but does no damage.
The adder barely misses you.
You shoot an arrow. The arrow misses the adder.
You have got your breath back.
You feel sick. The jackal barely misses you. The adder bites you.
The jackal bites you but does no damage.
1088 ||| INVOKING Spit Poison.
Aiming: Spit Poison (1% risk of failure)
Press: ? - help, Shift-Dir - straight line, f/p - adder The splash of poison misses the adder.
You feel sick. The adder bites you but does no damage. The jackal bites you.
The adder bites you but does no damage.
You shoot an arrow. The arrow hits the adder.
You kill the adder!
You feel sick.
The jackal bites you but does no damage.
You shoot an arrow.
The arrow hits the jackal but does no damage.
You have got your breath back.
You feel sick.
You are no longer poisoned.
The jackal bites you. x2
You die...

...... .....
#...# #....
#.%.# #>).#
#..)#
##.###.%@###
.......h...#
###.....)..#
#........#
#..........
..........###
###........#
#...[....#
#.#..##..#


You could see a jackal.

Vanquished Creatures
  Terence (D:2)
  An adder (D:2)
  A dart slug (D:1)
  3 ball pythons (D:1)
  3 endoplasms
  2 giant cockroaches (D:1)
  5 goblins
  4 hobgoblins (D:1)
  A jackal (D:2)
  2 quokkas (D:1)
  4 bats
  4 frilled lizards (D:1)
  3 kobolds
  7 rats
41 creatures vanquished.

Notes
Turn   | Place    | Note
-------+----------+-------------------------------------------
     0 | D:1      | qw the Naga Hunter began the quest for the Orb.
     0 | D:1      | Reached XP level 1. HP: 19/19 MP: 1/1
     0 | D:1      | 0 ||| qw: Version: 0.2-a-122-gbc61b45
     0 | D:1      | 0 ||| qw: Game counter: 3372
     0 | D:1      | 0 ||| qw: Always use a shield: true
     0 | D:1      | 0 ||| qw: God list: Okawaru
     0 | D:1      | 0 ||| qw: Allow faded altars: false
     0 | D:1      | 0 ||| qw: Do Orc after D:15 true
     0 | D:1      | 0 ||| qw: Do second Lair branch before Depths: true
     0 | D:1      | 0 ||| qw: Lair rune preference: random
     0 | D:1      | 0 ||| qw: Plans: Normal
     0 | D:1      | 0 ||| PLANNING D:1-11
    30 | D:1      | 30 ||| INVOKING Spit Poison.
    36 | D:1      | 36 ||| INVOKING Spit Poison.
    53 | D:1      | 53 ||| INVOKING Spit Poison.
    68 | D:1      | 68 ||| INVOKING Spit Poison.
    96 | D:1      | 96 ||| INVOKING Spit Poison.
   114 | D:1      | Reached skill level 4 in Ranged Weapons
   114 | D:1      | Reached XP level 2. HP: 26/26 MP: 2/2
   119 | D:1      | 119 ||| INVOKING Spit Poison.
   129 | D:1      | 129 ||| INVOKING Spit Poison.
   135 | D:1      | 135 ||| INVOKING Spit Poison.
   140 | D:1      | 140 ||| INVOKING Spit Poison.
   153 | D:1      | 153 ||| INVOKING Spit Poison.
   158 | D:1      | 158 ||| INVOKING Spit Poison.
   196 | D:1      | 196 ||| INVOKING Spit Poison.
   216 | D:1      | 216 ||| INVOKING Spit Poison.
   245 | D:1      | 245 ||| INVOKING Spit Poison.
   252 | D:1      | 252 ||| INVOKING Spit Poison.
   262 | D:1      | 262 ||| INVOKING Spit Poison.
   274 | D:1      | 274 ||| INVOKING Spit Poison.
   275 | D:1      | Reached XP level 3. HP: 32/32 MP: 3/3
   313 | D:1      | 313 ||| INVOKING Spit Poison.
   332 | D:1      | 332 ||| INVOKING Spit Poison.
   485 | D:1      | 485 ||| INVOKING Spit Poison.
   523 | D:1      | 523 ||| INVOKING Spit Poison.
   557 | D:1      | 557 ||| INVOKING Spit Poison.
   591 | D:1      | 591 ||| INVOKING Spit Poison.
   881 | D:1      | Found a faded altar of an unknown god.
  1026 | D:1      | 1026 ||| UPGRADING to +0 pair of gloves.
  1031 | D:1      | 1031 ||| READING scroll labelled RIMOAXZO GIECO.
  1032 | D:1      | 1032 ||| READING scroll labelled XAIDOPASTA.
  1033 | D:1      | 1033 ||| DROPPING scroll of butterflies.
  1056 | D:2      | 1056 ||| INVOKING Spit Poison.
  1062 | D:2      | 1062 ||| INVOKING Spit Poison.
  1068 | D:2      | Noticed Terence
  1070 | D:2      | 1070 ||| INVOKING Spit Poison.
  1074 | D:2      | 1074 ||| INVOKING Spit Poison.
  1079 | D:2      | 1079 ||| INVOKING Spit Poison.
  1083 | D:2      | 1083 ||| INVOKING Spit Poison.
  1084 | D:2      | Killed Terence
  1085 | D:2      | Reached skill level 5 in Ranged Weapons
  1085 | D:2      | Reached XP level 4. HP: 13/39 MP: 4/4
  1086 | D:2      | HP: 9/39 [adder (3)]
  1088 | D:2      | 1088 ||| INVOKING Spit Poison.
  1088 | D:2      | HP: 4/39 [jackal (2)]
  1090 | D:2      | HP: 1/39 [jackal (1)]
  1090 | D:2      | Slain by a jackal

Levels and vault maps discovered:
D:1:      saegor_arrival_simple_e, layout_loops_cross,
          shapermc_ecumenical_altar_hornbeckon, serial_bayou_lagoon_a,
          wander_ebering_terrifying_dragon_lair
D:2:      layout_loops_cross, uniq_natasha, uniq_terence, uniq_sigmund,
          uniq_robin

Skill      XL: |  1  2  3 |
---------------+----------+-----
Ranged Weapons | 4 5 |  5.1
Fighting       | |  2.2
Dodging        | |  1.5
Stealth        | |  1.5

Action                     |  1- 3 |  4- 6 || total
---------------------------+-------+-------++-------
   Fire: Shortbow          |    63 |     5 ||    68
Ability: Spit Poison       |    29 |     1 ||    30
    Use: Scroll            |     2 |       ||     2
 Armour: Leather armour    |     1 |     5 ||     6
  Dodge: Dodged            |    18 |     4 ||    22

Table legend:
 A = Non-vault XP
 B = Vault XP
 C = Vault XP percentage of total XP
 D = Non-vault monster count
 E = Vault monster count
 F = Vault count percentage of total count
                 A         B        C        D         E       F
            +---------+---------+-------+---------+---------+-------
      Total |      76 |      37 |  32.7 |      39 |       2 |   4.9
            +---------+---------+-------+---------+---------+-------
        D:1 |      52 |       1 |   1.9 |      32 |       1 |   3.0
        D:2 |      24 |      36 |  60.0 |       7 |       1 |  12.5
            +---------+---------+-------+---------+---------+-------
